 Dungeon Sprint DCSS version 0.22-a0-322-g60b3cfd402 (webtiles) character file.

586404 Callister the Demonic Catastrophe (level 22, -3/233 HPs)
             Began as a Demonspawn Fighter on Apr 4, 2018.
             Was an Elder of Qazlal.
             Killed from afar by a Hell Sentinel (49 damage)
             ... with damnation
             ... summoned by Cerebov
             ... in the Dungeon (Sprint IX: "|||||||||||||||||||||||||||||").
             The game lasted 00:26:10 (12359 turns).

Callister the Demonic Catastrophe (DsFi)           Turns: 12359, Time: 00:26:11

Health: -3/233     AC: 52    Str: 31    XL:     22   Next: 15%
Magic:  39/39      EV: 19    Int: 17    God:    Qazlal [****..]
Gold:   877        SH: 44    Dex: 11    Spells: 21/21 levels left

rFire    + . .     SeeInvis +   G - +9 demon whip
rCold    + + .     Gourm    .   P - +6 large shield of the Clam {*Contam rN+ rCorr}
rNeg     + . .     Faith    .   Z - +12 gold dragon scales
rPois    +         Spirit   .   b - +2 hat {SInv}
rElec    +         Reflect  +   a - +1 cloak
rCorr    +         Harm     .   (gloves unavailable)
MR       ++...     NoTele   +   c - +2 pair of boots
Stlth    +.........             X - amulet "Galuu" {Reflect Str+2 Int+4 Dex-3 SH+5}
HPRegen  0.48/turn              U - ring "Vytam" {rF+ MR+ Str+3 Int+4}
MPRegen  0.26/turn              d - ring of protection from cold

@: fire vulnerable, hasted, repel missiles, very quick
A: claws 3, horns 1, thin metallic scales 3, clumsy 1, foul stench 2, powered by
death 3, robust 1, strong 1, rot immunity, subdued magic 1
}: 10/15 runes: decaying, serpentine, barnacled, slimy, elven, silver, golden,
abyssal, magical, gossamer
a: Upheaval, Elemental Force, Renounce Religion


You were in the Dungeon.
You worshipped Qazlal.
Qazlal was greatly pleased with you.
You were not hungry.

You visited 1 branch You collected 1927 gold pieces.
You spent 1050 gold pieces at shops.

Inventory:

Hand Weapons
 j - the +4 staff of Dispater
   (You took it off Dispater in the Dungeon)
 G - a +9 demon whip (weapon)
Armour
 a - a +1 cloak (worn)
 b - a +2 hat of see invisible (worn)
 c - a +2 pair of boots (worn)
 P - the +6 large shield of the Clam (worn) {*Contam rN+ rCorr}
   (You took it off Louise in the Dungeon)

   It protects you from negative energy.
   It causes magical contamination when unequipped.
   It protects you from acid and corrosion.
 Z - +12 gold dragon scales (worn)
Jewellery
 d - a ring of protection from cold (right claw)
 T - the ring of Equilibrium {Wiz Str+3 Int+4}
   (You found it in the Dungeon)

   [ring of wizardry]

   It improves your spell success rate.
   It affects your strength (+3).
   It affects your intelligence (+4).
 U - the ring "Vytam" (left claw) {rF+ MR+ Str+3 Int+4}
   (You found it in the Dungeon)

   [ring of protection from magic]

   It affects your strength (+3).
   It affects your intelligence (+4).
   It protects you from fire.
   It affects your resistance to hostile enchantments.
 V - the ring of Eraet {Ice rPois}
   (You found it in the Dungeon)

   [ring of ice]

   It enhances your ice magic.
   It makes you vulnerable to fire.
   It protects you from cold.
   It protects you from poison.
 W - the ring of Jypagef {rElec rF+ EV-2}
   (You found it in the Dungeon)

   [ring of evasion]

   It affects your evasion (-2).
   It protects you from fire.
   It insulates you from electricity.
 X - the amulet "Galuu" (around neck) {Reflect Str+2 Int+4 Dex-3 SH+5}
   (You found it in the Dungeon)

   [amulet of reflection]

   It shields you and reflects attacks.
   It affects your strength (+2).
   It affects your intelligence (+4).
   It affects your dexterity (-3).
   It affects your SH (+5).
Scrolls
 k - 5 scrolls of blinking
 m - 5 scrolls of remove curse
 n - 5 scrolls of amnesia
 t - 2 scrolls of identify
 u - 3 scrolls of fear
 v - 4 scrolls of fog
 F - 4 scrolls of enchant weapon
Potions
 e - 10 potions of curing
 g - 8 potions of heal wounds
 h - 5 potions of haste
 i - 3 potions of magic
 A - 4 potions of brilliance
Miscellaneous
 R - a lightning rod (4/4)
Comestibles
 f - 6 rations


   Skills:
 O Level 27 Fighting
 O Level 27 Maces & Flails
 + Level 21.8 Throwing
 O Level 27 Armour
 O Level 27 Dodging
 + Level 23.3 Stealth
 O Level 27 Shields
 + Level 21.8 Unarmed Combat
 O Level 27 Invocations
 + Level 24.4 Evocations


You had 21 spell levels left.
You didn't know any spells.

Dungeon Overview and Level Annotations

Branches:
Dungeon (1/1)

Altars:
Cheibriados
Dithmenos
Elyvilon
Fedhas
Gozag
Hepliaklqana
Kikubaaqudgha
Makhleb
Nemelex Xobeh
Okawaru
Qazlal
Ru
Sif Muna
Trog
Uskayaw
Vehumet
Wu Jian
Xom
Yredelemnul
Zin
The Shining One
Beogh
Jiyva
Lugonu

Shops:
D [**=

Annotations:
D Cerebov


Innate Abilities, Weirdness & Mutations

You have claws for hands.
You are completely covered in thin metallic scales. (AC +4, rElec)
You frequently emit foul miasma when damaged in melee.
You regenerate a lot of health from kills.
You are robust. (+10% HP)
You are immune to rotting.
You have a pair of small horns on your head.
You are clumsy. (Dex -2)
Your muscles are strong. (Str +2)
Your spells are a little easier to cast, but a little less powerful.


Message History

The great blast of fire engulfs Cerebov.
Cerebov partially resists.
The great blast of fire engulfs the Hell Sentinel.
The Hell Sentinel partially resists.
A fire vortex comes into view.
You feel much better.
Cerebov gestures.
You closely miss Cerebov.
Cerebov is severely wounded.
You block the fire vortex's attack.
You hit Cerebov but do no damage.
Cerebov is severely wounded.
Cerebov hits you with a great serpentine sword {flame}!
* * * LOW HITPOINT WARNING * * *
Unknown command.
You feel much better. The Hell Sentinel gestures at you.
The sphere of damnation explodes!
The damnation engulfs Cerebov.
Cerebov completely resists.
The damnation engulfs you!
You die...

▓...))))..)....))....[)))...
▓▓▓▓▓▓▓▓▓▓▓▓▓▓▓▓♣♣♣♣♣♣♣♣♣♣♣♣
▓...........................
▓.▓▓▓▓▓▓▓▓▓▓▓▓▓▓▓▓▓▓▓▓▓▓▓▓▓▓
▓.....'............'.....≈≈.
▓▓▓▓▓▓▓▓▓▓▓▓▓▓▓▓▓▓▓▓▓▓▓▓▓▓▓▓
▓...........................
▓.▓▓▓▓▓▓▓▓▓▓▓▓▓▓▓▓▓▓▓▓▓▓▓▓▓▓
▓.......v§v@&12.............
▓▓▓▓▓▓▓▓▓▓▓▓▓▓▓▓▓▓▓▓▓▓▓▓▓▓▓▓


You could see Cerebov, a Hell Sentinel, a hell beast and 2 fire vortices.

Vanquished Creatures
  Asmodeus (D)
  the Royal Jelly (D)
  Gloorx Vloq (D)
  Mnoleg (D)
  Lom Lobon (D)
  Dispater (D)
  Mennas (D)
  5 ancient liches (D)
  3 orbs of fire (D)
  Sojobo (D)
  4 greater mummies (D)
  Frederick (D)
  Margery (D)
  Xtahua (D)
  Jory (D)
  3 golden dragons (D)
  Geryon (D)
  Nikola (D)
  An electric golem (D)
  Rupert (D)
  3 tentacled monstrosities (D)
  31 Orb Guardians (D)
  A lich (D)
  2 deep elf master archers (D)
  2 deep elf blademasters (D)
  3 titans (D)
  Gastronok (D)
  4 quicksilver dragons (D)
  8 acid blobs (D)
  Frances (D)
  A death cob (D)
  Agnes (D)
  Kirke (D)
  12 sphinxes (D)
  A draconian monk (D)
  7 nagarajas (D)
  2 tengu reavers (D)
  5 shadow dragons (D)
  6 storm dragons (D)
  3 deep elf sorcerers (D)
  2 fire giants (D)
  10 azure jellies (D)
  2 vault wardens (D)
  Ilsuiw (D)
  Louise (D)
  An orc warlord (D)
  4 draconian knights (D)
  2 frost giants (D)
  5 ghost moths (D)
  2 draconian scorchers (D)
  2 draconian shifters (D)
  5 emperor scorpions (D)
  A draconian stormcaller (D)
  Aizul (D)
  3 ironheart preservers (D)
  3 draconian annihilators (D)
  An entropy weaver (D)
  A deep elf demonologist (D)
  4 stone giants (D)
  4 green draconians (D)
  7 vampire knights (D)
  2 white draconians (D)
  7 black draconians (D)
  A purple draconian (D)
  2 deep elf annihilators (D)
  3 ettins (D)
  3 deep elf death magi (D)
  5 merfolk javelineers (D)
  2 death oozes (D)
  A great orb of eyes (D)
  4 mummy priests (D)
  5 fire dragons (D)
  2 merfolk impalers (D)
  A deep elf high priest (D)
  2 yaktaur captains (D)
  Harold (D)
  7 ice dragons (D)
  8 hydras (D)
  25 vault guards (D)
  Erolcha (D)
  2 naga warriors (D)
  A spriggan air mage (D)
  2 centaur warriors (D)
  5 merfolk aquamancers (D)
  A deep troll shaman (D)
  4 ogre magi (D)
  A two-headed ogre (D)
  A deep troll earth mage (D)
  Urug (D)
  2 spriggan berserkers (D)
  A sea snake (shapeshifter) (D)
  8 hell knights (D)
  A small abomination (D)
  An unseen horror (D)
  2 sea snakes (D)
  8 swamp dragons (D)
  3 ironbrand convokers (D)
  A spriggan druid (D)
  2 harpies (D)
  A large abomination (D)
  A mana viper (D)
  3 necromancers (D)
  8 orc knights (D)
  2 ugly things (D)
  An orb spider (D)
  5 orc sorcerers (D)
  4 wolf spiders (D)
  A cyclops (D)
  2 vault sentinels (D)
  13 moths of wrath (D)
  A merfolk siren (D)
  A guardian serpent (D)
  5 naga magi (D)
  Psyche (D)
  A guardian serpent (shapeshifter) (D)
  A water nymph (D)
  An orange demon (D)
  4 spiny frogs (D)
  A torpor snail (D)
  5 black mambas (D)
  A demonic crawler (D)
  2 yaktaurs (D)
  A kobold demonologist (D)
  A komodo dragon (D)
  An ice devil (D)
  A wandering mushroom (D)
  20 guardian mummies (D)
  2 ancient zymes (D)
  3 tengu conjurers (D)
  A tyrant leech (D)
  2 merfolk (D)
  A slime creature (D)
  A wind drake (D)
  A blink frog (D)
  A hippogriff (shapeshifter) (D)
  A hippogriff (D)
  3 tarantellas (D)
  A vampire (D)
  3 redbacks (D)
  2 yaks (D)
  11 spriggans (D)
  4 starcursed masses (D)
  2 water elementals (D)
  A shadow (D)
  A yak (shapeshifter) (D)
  A basilisk (D)
  A fire bat (shapeshifter) (D)
  3 golden eyes (D)
  A hungry ghost (D)
  Grum (D)
  2 hogs (D)
  A chaos spawn (D)
  A vampire mosquito (D)
  3 wargs (D)
  A naga (D)
  A water moccasin (D)
  3 porcupines (D)
  3 floating eyes (D)
  2 swamp drakes (D)
  A hell hound (D)
  8 orc warriors (D)
  An eye of draining (shapeshifter) (D)
  A sky beast (D)
  An ogre (D)
  8 wolves (D)
  3 crocodiles (D)
  4 bullfrogs (D)
  A scorpion (D)
  A howler monkey (D)
  2 orc priests (D)
  15 orc wizards (D)
  A worker ant (D)
  A white imp (D)
  An adder zombie (D)
  6 orcs (D)
  A ball python (D)
  A bat skeleton (D)
  A bat zombie (D)
  2 giant cockroaches (D)
  A goblin (D)
  A leopard gecko skeleton (D)
  A leopard gecko zombie (D)
  2 rats (D)
  3 crawling corpses (D)
  2 fire vortices (D)
  A lurking horror (D)
542 creatures vanquished.

Vanquished Creatures (others)
  A nagaraja (D)
1 creature vanquished.

Grand Total: 543 creatures vanquished

Notes
Turn   | Place    | Note
-------+----------+-------------------------------------------
     0 | D        | Callister the Demonspawn Fighter began the quest for the Orb.
     0 | D        | Reached XP level 1. HP: 18/18 MP: 1/1
    19 | D        | Noticed a worker ant
    19 | D        | Noticed a howler monkey
    19 | D        | Noticed an orc wizard
    31 | D        | Killed a worker ant
    31 | D        | Reached skill level 5 in Maces & Flails
    31 | D        | Gained mutation: You are partially covered in thin metallic scales. (AC +2) [demonic ancestry]
    31 | D        | Reached XP level 2. HP: 24/24 MP: 2/2
    31 | D        | Reached XP level 3. HP: 29/29 MP: 3/3
    45 | D        | Reached XP level 4. HP: 20/35 MP: 4/4
    65 | D        | Found a roughly hewn altar of Beogh.
    65 | D        | Found a snail-covered altar of Cheibriados.
    65 | D        | Found a shadowy altar of Dithmenos.
    65 | D        | Found a white marble altar of Elyvilon.
    65 | D        | Found a blossoming altar of Fedhas.
    65 | D        | Found an opulent altar of Gozag.
    66 | D        | Found a hazy altar of Hepliaklqana.
    67 | D        | Found a viscous altar of Jiyva.
    68 | D        | Found an ancient bone altar of Kikubaaqudgha.
    69 | D        | Found a corrupted altar of Lugonu.
    70 | D        | Found a burning altar of Makhleb.
    71 | D        | Found a sparkling altar of Nemelex Xobeh.
    72 | D        | Found an iron altar of Okawaru.
    73 | D        | Found a stormy altar of Qazlal.
    74 | D        | Found a sacrificial altar of Ru.
    75 | D        | Found a deep blue altar of Sif Muna.
    76 | D        | Found a bloodstained altar of Trog.
    77 | D        | Found a hide-covered altar of Uskayaw.
    78 | D        | Found a radiant altar of Vehumet.
    79 | D        | Found an ornate altar of the Wu Jian Council.
    80 | D        | Found a shimmering altar of Xom.
    81 | D        | Became a worshipper of Qazlal Stormbringer
    82 | D        | Found a basalt altar of Yredelemnul.
    83 | D        | Found a glowing silver altar of Zin.
    84 | D        | Found a glowing golden altar of the Shining One.
   242 | D        | Noticed a two-headed ogre
   242 | D        | Noticed a bullfrog
   244 | D        | Gained mutation: You are mostly covered in thin metallic scales. (AC +3) [demonic ancestry]
   244 | D        | Reached XP level 5. HP: 41/41 MP: 4/6
   245 | D        | Reached * piety under Qazlal
   248 | D        | Killed a two-headed ogre
   248 | D        | Reached skill level 10 in Maces & Flails
   248 | D        | Gained mutation: You are immune to rotting. [demonic ancestry]
   248 | D        | Reached XP level 6. HP: 11/53 MP: 4/12
   248 | D        | Gained mutation: You regenerate a little health from kills. [demonic ancestry]
   248 | D        | Reached XP level 7. HP: 12/59 MP: 4/13
   248 | D        | Reached ** piety under Qazlal
   481 | D        | Noticed a vampire mosquito
   481 | D        | Noticed a tengu conjurer
   481 | D        | Noticed a yak
   481 | D        | Noticed a guardian serpent
   485 | D        | Killed a vampire mosquito
   485 | D        | Gained mutation: You have sharp fingernails. [demonic ancestry]
   485 | D        | Reached XP level 8. HP: 62/67 MP: 14/14
   485 | D        | Killed a tengu conjurer
   488 | D        | Reached *** piety under Qazlal
   495 | D        | Killed a guardian serpent
   495 | D        | Reached skill level 10 in Invocations
   619 | D        | Got the +1 pearl dragon scales of Imperfection {rN+ Str-5 Int+4 Dex+6 SInv}
   662 | D        | Noticed a black mamba
   690 | D        | Reached **** piety under Qazlal
   690 | D        | Gained mutation: You are completely covered in thin metallic scales. (AC +4, rElec) [demonic ancestry]
   690 | D        | Reached XP level 9. HP: 57/74 MP: 16/16
   707 | D        | Killed a black mamba
   732 | D        | Reached ***** piety under Qazlal
   734 | D        | Noticed a torpor snail
   735 | D        | Noticed a komodo dragon
   746 | D        | Killed a torpor snail
   757 | D        | Killed a komodo dragon
   929 | D        | Noticed a four-headed hydra
   930 | D        | Killed a four-headed hydra
   930 | D        | Gained mutation: You may emit foul miasma when damaged in melee. [demonic ancestry]
   930 | D        | Reached XP level 10. HP: 83/83 MP: 17/19
   933 | D        | Noticed a spiny frog
   957 | D        | Killed a spiny frog
   963 | D        | Reached ****** piety under Qazlal
  1195 | D        | Noticed Grum
  1205 | D        | Noticed Harold
  1210 | D        | Killed Grum
  1221 | D        | Reached skill level 10 in Shields
  1225 | D        | Killed Harold
  1225 | D        | Reached skill level 10 in Fighting
  1297 | D        | Noticed an orc knight
  1329 | D        | Killed an orc knight
  1405 | D        | Noticed an orc knight
  1405 | D        | Noticed an orc knight
  1406 | D        | Gained mutation: You have very sharp fingernails. [demonic ancestry]
  1406 | D        | Reached XP level 11. HP: 90/90 MP: 20/22
  1407 | D        | Killed an orc knight
  1407 | D        | Reached skill level 15 in Invocations
  1407 | D        | Killed an orc knight
  1545 | D        | Found Jovuxauq's Antique Armour Emporium.
  1545 | D        | Noticed an orc sorcerer
  1545 | D        | Noticed an orc sorcerer
  1546 | D        | Killed an orc sorcerer
  1546 | D        | Killed an orc sorcerer
  1551 | D        | Noticed an orc sorcerer
  1551 | D        | Found Joexirim's General Store.
  1553 | D        | Found Vuoj's General Store.
  1554 | D        | Killed an orc sorcerer
  1554 | D        | Killed an orc sorcerer
  1554 | D        | Reached skill level 5 in Dodging
  1559 | D        | Found Xosoesso's Jewellery Shoppe.
  1560 | D        | Noticed an orc sorcerer
  1562 | D        | Noticed a soul eater
  1562 | D        | Killed an orc sorcerer
  1667 | D        | Bought an uncursed ring of protection from cold for 250 gold pieces
  1667 | D        | Bought an uncursed ring of positive energy for 200 gold pieces
  1667 | D        | Bought an uncursed ring of poison resistance for 200 gold pieces
  1667 | D        | Bought an uncursed amulet of rage for 400 gold pieces
  1688 | D        | Noticed Erolcha
  1689 | D        | Killed Erolcha
  1689 | D        | Reached skill level 10 in Armour
  1689 | D        | Reached skill level 1 in Evocations
  1840 | D        | Noticed Psyche
  1841 | D        | Killed Psyche
  2001 | D        | Noticed a seven-headed hydra
  2001 | D        | Noticed an orc knight
  2001 | D        | Noticed an orc knight
  2003 | D        | Killed an orc knight
  2003 | D        | Killed an orc knight
  2003 | D        | Killed a seven-headed hydra
  2006 | D        | Noticed a fire giant
  2012 | D        | Killed a fire giant
  2012 | D        | Reached XP level 12. HP: 48/99 MP: 10/26
  2019 | D        | Noticed an ogre mage
  2028 | D        | Noticed a stone giant
  2030 | D        | Noticed a stone giant
  2030 | D        | Killed a stone giant
  2042 | D        | Killed an ogre mage
  2045 | D        | Reached skill level 5 in Evocations
  2048 | D        | Killed a stone giant
  2059 | D        | Noticed an ettin
  2082 | D        | Killed an ettin
  2446 | D        | Noticed Urug
  2448 | D        | Killed Urug
  2489 | D        | Noticed Gastronok
  2532 | D        | Killed Gastronok
  2596 | D        | Noticed a nagaraja
  2610 | D        | Killed a nagaraja
  2895 | D        | Gained mutation: You regenerate health from kills. [demonic ancestry]
  2895 | D        | Reached XP level 13. HP: 106/106 MP: 28/28
  2895 | D        | Reached skill level 15 in Maces & Flails
  2953 | D        | Noticed a merfolk impaler
  2968 | D        | Killed a merfolk impaler
  3100 | D        | Noticed Agnes
  3131 | D        | Killed Agnes
  3424 | D        | Noticed a stone giant
  3431 | D        | Killed a stone giant
  3435 | D        | Noticed a fire dragon
  3436 | D        | Noticed an ettin
  3441 | D        | Killed a fire dragon
  3444 | D        | Noticed a frost giant
  3448 | D        | Killed a frost giant
  3448 | D        | Killed a fire giant
  3558 | D        | Killed an ettin
  3558 | D        | Gained mutation: You regenerate a lot of health from kills. [demonic ancestry]
  3558 | D        | Reached XP level 14. HP: 63/118 MP: 31/31
  3873 | D        | Reached skill level 15 in Shields
  3903 | D        | Noticed an ironheart preserver
  3904 | D        | Reached skill level 27 in Invocations
  3913 | D        | Killed an ironheart preserver
  3918 | D        | Noticed a vault warden
  3925 | D        | Noticed an ironheart preserver
  3926 | D        | Killed an ironheart preserver
  3953 | D        | Killed a vault warden
  4089 | D        | Noticed Nikola
  4114 | D        | Killed Nikola
  4128 | D        | Noticed a tengu reaver
  4134 | D        | Killed a tengu reaver
  4135 | D        | Noticed Sojobo
  4138 | D        | Noticed a tengu reaver
  4139 | D        | Killed a tengu reaver
  4139 | D        | Killed Sojobo
  4139 | D        | Reached skill level 15 in Fighting
  4165 | D        | Noticed Margery
  4178 | D        | Killed Margery
  4178 | D        | Reached XP level 15. HP: 70/130 MP: 12/32
  4339 | D        | Noticed Kirke
  4340 | D        | Killed Kirke
  4489 | D        | Noticed Xtahua
  4491 | D        | Killed Xtahua
  4491 | D        | Reached skill level 15 in Armour
  4529 | D        | Noticed Mennas
  4618 | D        | Killed Mennas
  4618 | D        | Reached skill level 10 in Dodging
  4632 | D        | Noticed Jory
  4784 | D        | Killed Jory
  4846 | D        | Noticed a nagaraja
  4846 | D        | Noticed a nagaraja
  4846 | D        | Noticed a nagaraja
  4846 | D        | Noticed a nagaraja
  4847 | D        | Noticed a nagaraja
  4857 | D        | Killed a nagaraja
  4862 | D        | Noticed a nagaraja
  4884 | D        | Killed a nagaraja
  4886 | D        | Killed a nagaraja
  4887 | D        | Noticed a nagaraja
  4888 | D        | Killed a nagaraja
  4888 | D        | Killed a nagaraja
  4900 | D        | Killed a nagaraja
  4904 | D        | Killed a nagaraja
  4952 | D        | Got a serpentine rune of Zot
  4994 | D        | Noticed Ilsuiw
  4996 | D        | Killed Ilsuiw
  4996 | D        | Reached XP level 16. HP: 145/145 MP: 27/33
  5036 | D        | Got a barnacled rune of Zot
  5163 | D        | Got a decaying rune of Zot
  5336 | D        | Got a gossamer rune of Zot
  5343 | D        | Noticed Frederick
  5367 | D        | Killed Frederick
  5405 | D        | Noticed Aizul
  5407 | D        | Killed Aizul
  5734 | D        | Reached XP level 17. HP: 158/158 MP: 34/34
  5750 | D        | Noticed a titan
  5755 | D        | Killed a titan
  5960 | D        | Noticed a quicksilver dragon
  5960 | D        | Noticed a golden dragon
  5960 | D        | Noticed a titan
  5961 | D        | Killed a quicksilver dragon
  5961 | D        | Killed a titan
  5965 | D        | Noticed a golden dragon
  5971 | D        | Killed a golden dragon
  5971 | D        | Killed a golden dragon
  5973 | D        | Noticed a titan
  5974 | D        | Killed a titan
  5998 | D        | Got a silver rune of Zot
  5999 | D        | Got an iridescent trident
  6066 | D        | Noticed Frances
  6088 | D        | Killed Frances
  6130 | D        | Noticed Louise
  6164 | D        | Killed Louise
  6166 | D        | Got a transparent large shield
  6177 | D        | Identified the +6 large shield of the Clam {*Contam rN+ rCorr} (You took it off Louise in the Dungeon)
  6200 | D        | Got the ring of Equilibrium {Wiz Str+3 Int+4}
  6202 | D        | Got the ring "Vytam" {rF+ MR+ Str+3 Int+4}
  6204 | D        | Got the ring of Eraet {Ice rPois}
  6206 | D        | Got the ring of Jypagef {rElec rF+ EV-2}
  6208 | D        | Got the amulet "Galuu" {Reflect Str+2 Int+4 Dex-3 SH+5}
  6393 | D        | Noticed Rupert
  6406 | D        | Killed Rupert
  6538 | D        | Noticed a golden dragon
  6562 | D        | Killed a golden dragon
  6574 | D        | Reached skill level 27 in Shields
  6574 | D        | Reached XP level 18. HP: 170/177 MP: 27/35
  6701 | D        | Killed a tentacled monstrosity
  6747 | D        | Reached skill level 27 in Fighting
  6774 | D        | Noticed a tentacled monstrosity
  6781 | D        | Killed a tentacled monstrosity
  6782 | D        | Noticed a tentacled monstrosity
  6798 | D        | Killed a tentacled monstrosity
  6970 | D        | Reached skill level 27 in Maces & Flails
  7224 | D        | Noticed an Orb Guardian
  7224 | D        | Noticed an Orb Guardian
  7224 | D        | Noticed an Orb Guardian
  7224 | D        | Noticed an Orb Guardian
  7224 | D        | Noticed an Orb Guardian
  7224 | D        | Noticed an Orb Guardian
  7225 | D        | Killed an Orb Guardian
  7225 | D        | Killed an Orb Guardian
  7225 | D        | Killed an Orb Guardian
  7226 | D        | Noticed an Orb Guardian
  7228 | D        | Noticed an Orb Guardian
  7231 | D        | Killed an Orb Guardian
  7232 | D        | Noticed an Orb Guardian
  7234 | D        | Noticed an Orb Guardian
  7239 | D        | Killed an Orb Guardian
  7246 | D        | Killed an Orb Guardian
  7258 | D        | Killed an Orb Guardian
  7268 | D        | Killed an Orb Guardian
  7273 | D        | Killed an Orb Guardian
  7280 | D        | Killed an Orb Guardian
  7290 | D        | Noticed an Orb Guardian
  7290 | D        | Noticed an Orb Guardian
  7297 | D        | Reached XP level 19. HP: 160/189 MP: 36/36
  7328 | D        | Noticed an ancient lich
  7345 | D        | Killed an ancient lich
  7347 | D        | Noticed an orb of fire
  7362 | D        | Gained mutation: Armour fits poorly on your strangely shaped body. [an orb of fire]
  7369 | D        | Gained mutation: Your spells are a little easier to cast, but a little less powerful. [an orb of fire]
  7370 | D        | Gained mutation: You are weak. (Str -2) [an orb of fire]
  7375 | D        | Killed an orb of fire
  7375 | D        | Reached skill level 27 in Armour
  7377 | D        | Noticed an electric golem
  7394 | D        | Killed an electric golem
  7405 | D        | Noticed an ancient lich
  7410 | D        | Noticed an orb of fire
  7420 | D        | Killed an ancient lich
  7425 | D        | Gained mutation: You are very weak. (Str -4) [an orb of fire]
  7428 | D        | Noticed an orb of fire
  7433 | D        | Gained mutation: Scrolls take you a little longer to read. [an orb of fire]
  7437 | D        | Killed an orb of fire
  7443 | D        | Gained mutation: You are clumsy. (Dex -2) [an orb of fire]
  7446 | D        | Gained mutation: You are very clumsy. (Dex -4) [an orb of fire]
  7458 | D        | Killed an orb of fire
  7604 | D        | Gained mutation: You have claws for hands. [demonic ancestry]
  7604 | D        | Reached XP level 20. HP: 161/197 MP: 37/37
  7667 | D        | Reached skill level 27 in Dodging
  7692 | D        | Reached skill level 10 in Evocations
  7803 | D        | Noticed an ancient lich
  7804 | D        | Reached skill level 5 in Stealth
  7814 | D        | Reached skill level 5 in Throwing
  7814 | D        | Reached skill level 5 in Unarmed Combat
  7815 | D        | Noticed an ancient lich
  7816 | D        | Noticed an ancient lich
  7821 | D        | Killed an ancient lich
  7821 | D        | Killed an ancient lich
  7821 | D        | Reached skill level 10 in Stealth
  7830 | D        | Killed an ancient lich
  7830 | D        | Reached skill level 10 in Throwing
  7830 | D        | Reached skill level 10 in Unarmed Combat
  8129 | D        | Reached skill level 15 in Evocations
  8222 | D        | Got an elven rune of Zot
  8248 | D        | Reached skill level 15 in Stealth
  8288 | D        | Noticed the Royal Jelly
  8307 | D        | Killed the Royal Jelly
  8307 | D        | Reached skill level 15 in Throwing
  8307 | D        | Reached skill level 15 in Unarmed Combat
  8307 | D        | Gained mutation: You frequently emit foul miasma when damaged in melee. [demonic ancestry]
  8307 | D        | Reached XP level 21. HP: 190/204 MP: 23/38
  8380 | D        | Got a slimy rune of Zot
  8490 | D        | Paralysed by a sphinx for 7 turns
  9106 | D        | Lost mutation: You are very clumsy. (Dex -4) [potion of mutation]
  9106 | D        | Lost mutation: Scrolls take you a little longer to read. [potion of mutation]
  9106 | D        | Lost mutation: You are clumsy. (Dex -2) [potion of mutation]
  9106 | D        | Lost mutation: You are very weak. (Str -4) [potion of mutation]
  9106 | D        | Gained mutation: You evolve. [potion of mutation]
  9106 | D        | Lost mutation: You are weak. (Str -2) [potion of mutation]
  9106 | D        | Gained mutation: Your muscles are strong. (Str +2) [potion of mutation]
  9689 | D        | Lost mutation: You evolve. [potion of mutation]
  9689 | D        | Lost mutation: Armour fits poorly on your strangely shaped body. [potion of mutation]
  9689 | D        | Gained mutation: You are clumsy. (Dex -2) [potion of mutation]
  9689 | D        | Gained mutation: You have a pair of small horns on your head. [potion of mutation]
 10615 | D        | Noticed a greater mummy
 10629 | D        | Killed a greater mummy
 11114 | D        | Noticed a greater mummy
 11114 | D        | Noticed a greater mummy
 11114 | D        | Noticed a greater mummy
 11117 | D        | Killed a greater mummy
 11117 | D        | Killed a greater mummy
 11122 | D        | Killed a greater mummy
 11319 | D        | Got a golden rune of Zot
 11371 | D        | Got an abyssal rune of Zot
 11494 | D        | Noticed Geryon
 11520 | D        | Killed Geryon
 11528 | D        | Noticed Lom Lobon
 11528 | D        | Noticed Gloorx Vloq
 11530 | D        | Noticed Asmodeus
 11535 | D        | Killed Lom Lobon
 11537 | D        | Killed Gloorx Vloq
 11538 | D        | Noticed Mnoleg
 11546 | D        | Noticed Dispater
 11560 | D        | Noticed Cerebov
 11565 | D        | Killed Asmodeus
 11565 | D        | Gained mutation: You are robust. (+10% HP) [demonic ancestry]
 11565 | D        | Reached XP level 22. HP: 204/233 MP: 1/39
 11572 | D        | Killed Mnoleg
 11575 | D        | Got a magical rune of Zot
 11941 | D        | Killed Dispater
 12355 | D        | HP: 9/233 [Cerebov/great blast of fire (40)]
 12359 | D        | Killed from afar by a Hell Sentinel

Vault maps used:
D:        linesprint

Skill      XL: |  1  2  3  4  5  6  7  8  9 10 11 12 13 14 15 16 17 18 19 20 21 22 |
---------------+-------------------------------------------------------------------+-----
Maces & Flails | 5 7 8 10 11 13 14 15 17 18 21 23 27 | 27.0
Armour         | 3 6 7 8 9 10 11 14 16 17 24 27 | 27.0
Shields        | 3 6 7 9 10 12 14 17 20 24 27 | 27.0
Invocations    | 2 8 10 12 14 20 23 26 27 | 27.0
Fighting       | 6 7 8 9 10 11 13 15 18 21 25 27 | 27.0
Dodging        | 2 3 4 5 7 9 11 13 14 26 27 | 27.0
Evocations     | 4 7 9 18 23 24 | 24.4
Throwing       | 15 21 | 21.8
Stealth        | 16 22 23 | 23.3
Unarmed Combat | 15 21 | 21.8

Action                   |  1- 3 |  4- 6 |  7- 9 | 10-12 | 13-15 | 16-18 | 19-21 | 22-24 || total
-------------------------+-------+-------+-------+-------+-------+-------+-------+-------++-------
Melee: Flail             |    34 |     8 |    97 |   236 |   148 |       |       |       ||   523
       Demon whip        |       |       |       |       |   283 |   717 |   582 |   106 ||  1688
       Headbutt          |       |       |       |       |       |       |    27 |    57 ||    84
Invok: Disaster Area     |       |       |       |    20 |    27 |    25 |    28 |     3 ||   103
Evoke: Wand              |       |     4 |     6 |       |       |       |       |       ||    10
  Use: Potion            |     1 |     1 |     2 |       |     6 |       |     6 |     8 ||    24
       Scroll            |       |       |       |       |     1 |     9 |     4 |     1 ||    15
 Stab: Invisible         |       |       |     1 |       |       |       |       |       ||     1
  Eat: Chunk             |       |       |       |     5 |     4 |     5 |     5 |       ||    19
       Ration            |       |       |       |     1 |     1 |       |     3 |     1 ||     6
Armor: Scale mail        |     8 |     5 |       |       |       |       |       |       ||    13
       Chain mail        |       |     1 |     4 |       |       |       |       |       ||     5
       Pearl dragon scal |       |       |    22 |    32 |    73 |    71 |       |       ||   198
       Gold dragon scale |       |       |       |       |       |    33 |    60 |     4 ||    97
Dodge: Dodged            |     7 |       |    16 |    28 |    78 |   117 |    35 |     3 ||   284
       Deflected         |       |       |       |       |    11 |     8 |     4 |     1 ||    24
Block: Shield            |    14 |     4 |    51 |   137 |   243 |   275 |       |       ||   724
       Large shield      |       |       |       |       |       |   244 |   409 |    42 ||   695
       Reflection        |       |       |       |       |       |     2 |    10 |     2 ||    14

Table legend:
 A = Spawn XP
 B = Non-spawn XP
 C = Spawn XP percentage of total XP
 D = Spawn monster count
 E = Non-spawn monster count
 F = Spawn count percentage of total count
 G = Total turns spent on level
                    A         B        C        D         E        F      G
               +---------+---------+-------+---------+---------+-------+---------
         Total |       0 |  728511 |   0.0 |       0 |     530 |   0.0 | 12359
               +---------+---------+-------+---------+---------+-------+---------
             D |       0 |  728511 |   0.0 |       0 |     530 |   0.0 | 12359
               +---------+---------+-------+---------+---------+-------+---------
